Map: Givre EC

Players

zidar

  • Race: Zerg Zerg
  • League: Platinum
  • Spawn Location: 7:00

КрасныйПЕРЕЦ - Winner!

  • Race: Zerg Zerg
  • League: Silver
  • Spawn Location: 11:00

VOD

Have the link to the VOD?

Description

Time

  • Played on: July 19, 2016, 11:46 a.m.
  • Length: 5:04
Show
View Real Time Build Order
Export as new Build Order

zidar Zerg 

Build Orders: Pool First 

Get SALT Encoding   

  12  0:01  Drone  
  13  0:12  Overlord  
  13  0:17  Drone  
  14  0:31  Drone x2  
  16  0:45  Spawning Pool  
  16  0:48  Drone  
  16  1:13  Hatchery  
  15  1:21  Drone  
  15  1:24  Extractor, Drone  
  16  1:34  Queen  
  16  1:38  Drone  
  19  1:48  Overlord  
  19  1:50  Drone  
  20  2:04  Drone  
  21  2:09  Queen  
  22  2:36  Roach Warren  
  21  2:51  Drone x6  
  25  3:13  Zergling x4  
  25  3:16  Drone  
  25  3:17  Zergling x2  
  23  3:46  Zergling x6  
  23  3:48  Zergling x8  
  28  4:01  Overlord  
  26  4:20  Roach Warren  
  26  4:23  Queen  
  27  4:27  Drone x6  
Show
View Real Time Build Order
Export as new Build Order

КрасныйПЕРЕЦ Zerg - Winner!

Build Orders: Hatch First 

Get SALT Encoding   

  12  0:03  Drone  
  13  0:14  Overlord  
  13  0:20  Drone  
  14  0:35  Drone x2  
  16  0:50  Drone  
  17  0:58  Hatchery  
  16  1:04  Extractor  
  16  1:05  Drone  
  16  1:20  Spawning Pool  
  15  1:26  Drone x2  
  15  1:31  Drone  
  18  1:50  Overlord  
  18  2:11  Zergling x2  
  18  2:12  Zergling x6  
  18  2:14  Metabolic Boost  
  22  2:16  Queen  
  24  2:27  Zergling x2  
  25  2:34  Zergling x2  
  26  2:39  Baneling Nest  
  26  2:41  Extractor  
  26  2:42  Zergling x4  
  26  2:43  Zergling x2  
  26  3:19  Zergling x2  
  27  3:38  Zergling x6  
  27  3:39  Zergling x2  
  27  3:47  Zergling x2  
  27  3:48  Overlord  
  27  3:49  Overlord  
  27  4:06  Queen  
  28  4:14  Baneling  
  28  4:15  Baneling  
  28  4:19  Baneling x3  
  28  4:22  Zergling x12  
Tags
 
Add a new tag
Caveats
  • Supply blocks, unpowered buildings, or Contaminate may cause inaccurate times.
  • Supply counts are checked every 10 seconds.